 Dungeon Crawl Stone Soup version bcrawl-1.34.3 (webtiles) character file.

Game seed: 8121829539374844179

320598 KristoblXynda the Fighter (level 11, -2/87 HPs)
             Began as a Demonspawn Gladiator on Oct 8, 2021.
             Was an Initiate of Gozag.
             Slain by a killer bee (5 damage)
             ... on level 9 of the Dungeon.
             The game lasted 00:16:54 (10423 turns).

KristoblXynda the Fighter (Demonspawn Gladiator)   Turns: 10423, Time: 00:16:55

Health: -2/87      AC: 13    Str: 17    XL:     11   Next: 8%
Magic:  11/11      EV: 16    Int: 10    God:    Gozag
Gold:   488        SH:  4    Dex: 15    Spells: 10/10 levels left

rFire    . . .     SeeInvis .     - Claws (21.6)
rCold    . . .     Gourm    .   (no shield)
rNeg     . . .     Faith    .   o - +0 ring mail (curse)
rPois    .         Spirit   .   l - +2 hat
rElec    +         Reflect  +   r - +0 cloak
rCorr    .         Harm     .   (gloves unavailable)
MR       .....                  (no boots)
Stlth    +.........             t - +4 amulet of reflection
HPRegen  0.24/turn              w - ring of insulation
MPRegen  0.12/turn              (no ring)

@: lethally poisoned (-2 -> -6)
A: claws 3, slimy green scales 2, foul stench 2, rot immunity
a: Potion Petition, Call Merchant, Bribe Branch, Renounce Religion


You were on level 9 of the Dungeon.
You worshipped Gozag.
Gozag was aware of your devotion.
You were not hungry.

You visited 2 branches of the dungeon, and saw 10 of its levels.
You also visited: Sewer.

You collected 735 gold pieces.
You spent 75 gold pieces at shops.
You paid 172 gold pieces to Gozag.

Inventory:

Hand Weapons
 a - a +0 long sword of electrocution
Missiles
 d - 3 throwing nets (quivered) {=f}
Armour
 l - a +2 hat (worn)
 o - a cursed +0 ring mail (worn)
 r - a +0 cloak (worn)
Jewellery
 t - a +4 amulet of reflection (around neck)
 w - a ring of insulation (left claw)
Wands
 b - a wand of acid (1)
Scrolls
 g - a scroll of blinking
 j - a scroll of enchant armour
 n - 3 scrolls of teleportation
 s - 2 scrolls of fog
 u - a scroll of fear
 x - a scroll of amnesia
Potions
 c - a potion of might
 f - a potion of heal wounds
 h - 4 potions of curing
 k - 2 potions of ambrosia
 m - a potion of cancellation
 p - 3 potions of lignification
 q - 3 potions of flight
 y - a potion of brilliance {unknown}
 z - a potion of mutation {unknown}
Comestibles
 e - 8 rations {!d}


   Skills:
 + Level 8.6 Fighting
 - Level 6.1 Long Blades
 - Level 2.0 Throwing
 + Level 7.5 Armour
 + Level 8.4 Dodging
 + Level 6.7 Unarmed Combat


You had 10 spell levels left.
You didn't know any spells.
Your spell library contained the following spells:

 Spells                   Type           Power        Failure   Level  Hunger
 Summon Small Mammal      Summ           #...         54%         1    None
 Call Imp                 Summ           #.....       67%         2    ####...
 Call Canine Familiar     Summ           #.......     88%         3    #####..
 Summon Ice Beast         Ice/Summ       #.......     99%         4    ######.
 Summon Lightning Spire   Summ/Air       #.......     100%        5    #######


Dungeon Overview and Level Annotations

Branches:
Dungeon (9/12)             Temple (1/1) D:7            Lair (0/6) D:7
    Orc: D:8-11

Altars:
Cheibriados
Dithmenos
Elyvilon
Fedhas
Gozag
Kikubaaqudgha
Lugonu
Makhleb
Nemelex Xobeh
Okawaru
Qazlal
Ru
Sif Muna
Trog
Uskayaw
Vehumet
Wu Jian
Xom
Yredelemnul
Zin
The Shining One
Beogh

Shops:
D:4 *

Annotations:
D:9 3 runed translucent doors, Psyche; Quickbrownfox's ghost, journeyman MiAc


Innate Abilities, Weirdness & Mutations

You have claws for hands.
You are mostly covered in slimy green scales. (AC +3)
You frequently emit foul miasma when damaged in melee.
You are immune to rotting.


Message History

You barely miss the killer bee. The killer bee barely misses you.
The killer bee completely misses you.
You miss the killer bee.
The killer bee stings you but does no damage.
The killer bee stings you!
* * * LOW HITPOINT WARNING * * *
You are lethally poisoned!
The killer bee poisons you!
You emit a cloud of foul miasma!
You miss the killer bee.
* * * LOW HITPOINT WARNING * * *
You feel sick.
The killer bee is engulfed in dark miasma.
The killer bee is poisoned.
The killer bee seems to slow down.
You block the killer bee's attack.
You barely miss the killer bee.
The killer bee is lightly wounded.
The killer bee is engulfed in dark miasma.
The killer bee looks more poisoned.
The killer bee stings you.
You die...
Your body crumbles into a pile of gold.

######.#.#.####.#
#..........!....##
........8...####.#
+++############.##
....oooo# ##.##
####.o.W# #.##
oo..###.# ##.## $
o8..#8#.# ##$##
..()....# ##@#
[_[=...8# ##y# ...
.#... .#..... .#
#.## .# .# ## #


You could see a killer bee.

Vanquished Creatures
  A hydra (D:9)
  A two-headed ogre (D:8)
  An ugly thing (D:9)
  Grinder (D:3)
  10 yaks
  Sigmund (D:4)
  A hungry ghost (D:4)
  Menkaure (D:5)
  2 wargs (D:7)
  A crocodile (D:6)
  Duvessa (D:6)
  3 orc warriors
  An ice beast (D:6)
  2 sky beasts
  A hornet zombie (D:6)
  2 phantoms
  6 ogres
  3 centaurs
  A big kobold (Sewer)
  Dowan (D:6)
  8 killer bees (D:9)
  4 scorpions
  5 howler monkeys
  5 orc priests
  A centaur zombie (D:6)
  6 crimson imps
  A jelly (D:6)
  7 hounds
  Crazy Yiuf (D:3)
  A bullfrog skeleton (D:4)
  Jessica (D:2)
  3 iguanas
  Ijyb (D:5)
  Natasha (thrice) (D:4)
  7 worker ants
  12 orc wizards
  A hound skeleton (D:5)
  A worker ant zombie (D:6)
  6 adders
  3 gnolls (D:6)
  3 river rats
  2 shadow imps
  2 adder zombies
  2 adder skeletons
  6 worms
  3 dart slugs
  5 leopard geckos
  35 orcs
  6 giant cockroaches
  6 goblins
  10 hobgoblins
  10 jackals
  4 quokkas
  2 ball pythons (D:3)
  5 bats
  10 frilled lizards
  10 kobolds
  7 rats
246 creatures vanquished.

Vanquished Creatures (others)
  An orc wizard (D:3)
1 creature vanquished.

Grand Total: 247 creatures vanquished

Notes
Turn   | Place    | Note
-------+----------+-------------------------------------------
     0 | D:1      | KristoblXynda the Demonspawn Gladiator began the quest for
                  | the Orb.
     0 | D:1      | Reached XP level 1. HP: 18/18 MP: 1/1
   178 | D:1      | Gained mutation: You have sharp fingernails. [demonic
                  | ancestry]
   178 | D:1      | Reached XP level 2. HP: 21/24 MP: 2/2
  1213 | D:1      | Gained mutation: You are immune to rotting. [demonic
                  | ancestry]
  1213 | D:1      | Reached XP level 3. HP: 28/29 MP: 3/3
  1503 | D:2      | Noticed Jessica
  1507 | D:2      | Killed Jessica
  1508 | D:2      | Reached XP level 4. HP: 36/36 MP: 4/4
  1681 | D:2      | Got a brightly glowing wooden ring
  1682 | D:2      | Identified the ring "Roeph" {Fire +Fly MP+9 Str-2 Dex-2}
                  | (You found it on level 2 of the Dungeon)
  2003 | D:2      | Reached XP level 5. HP: 37/42 MP: 5/5
  2324 | D:3      | Noticed a phantom
  2408 | D:3      | Found a faded altar of an unknown god.
  2467 | D:3      | Noticed Grinder
  2468 | D:3      | Paralysed by Grinder for 3 turns
  2500 | D:3      | Paralysed by Grinder for 4 turns
  2507 | D:3      | Paralysed by Grinder for 3 turns
  2520 | D:3      | Paralysed by Grinder for 4 turns
  2524 | D:3      | Killed Grinder
  2525 | D:3      | Reached skill level 1 in Armour
  2525 | D:3      | Gained mutation: You have very sharp fingernails. [demonic
                  | ancestry]
  2525 | D:3      | Reached XP level 6. HP: 19/49 MP: 6/6
  2757 | D:3      | Found a runed door.
  3298 | D:3      | Gained mutation: You have claws for hands. [demonic
                  | ancestry]
  3298 | D:3      | Reached XP level 7. HP: 10/55 MP: 7/7
  3676 | D:3      | Noticed Crazy Yiuf
  3683 | D:3      | Killed Crazy Yiuf
  4110 | D:4      | Reached skill level 5 in Long Blades
  4115 | D:4      | Reached skill level 5 in Fighting
  4739 | D:4      | Noticed a hungry ghost
  4764 | D:4      | Killed a hungry ghost
  4765 | D:4      | Reached skill level 1 in Unarmed Combat
  4765 | D:4      | Gained mutation: You are partially covered in slimy green
                  | scales. (AC +2) [demonic ancestry]
  4765 | D:4      | Reached XP level 8. HP: 62/62 MP: 8/8
  4990 | D:4      | Noticed Sigmund
  5032 | D:4      | Killed Sigmund
  5033 | D:4      | Reached skill level 5 in Dodging
  5292 | D:4      | Noticed Natasha
  5314 | D:4      | Killed Natasha
  5358 | D:4      | Noticed Natasha
  5370 | D:4      | Killed Natasha
  5423 | D:4      | Found Ygeith's General Store.
  5439 | D:4      | Bought a scroll of enchant armour for 75 gold pieces
  5514 | D:4      | Noticed Natasha
  5523 | D:4      | Killed Natasha
  5579 | D:4      | Found a radiant altar of Vehumet.
  5673 | D:5      | Entered Level 5 of the Dungeon
  5694 | D:5      | Found a glowing golden altar of the Shining One.
  5768 | D:5      | Noticed Ijyb
  5806 | D:5      | Killed Ijyb
  6448 | D:5      | Noticed Menkaure
  6464 | D:5      | Killed Menkaure
  6786 | D:6      | Gained mutation: You may emit foul miasma when damaged in
                  | melee. [demonic ancestry]
  6786 | D:6      | Reached XP level 9. HP: 68/68 MP: 9/9
  6927 | D:6      | Reached skill level 5 in Armour
  7054 | D:6      | Found a glowing drain.
  7058 | Sewer    | Entered a sewer
  7207 | Sewer    | Found a white marble altar of Elyvilon.
  7408 | D:6      | Noticed Dowan
  7412 | D:6      | Noticed Duvessa
  7423 | D:6      | Killed Duvessa
  7434 | D:6      | Killed Dowan
  8296 | D:6      | Reached skill level 5 in Unarmed Combat
  8385 | D:7      | Gained mutation: You are mostly covered in slimy green
                  | scales. (AC +3) [demonic ancestry]
  8385 | D:7      | Reached XP level 10. HP: 64/79 MP: 10/10
  8969 | D:7      | Found a staircase to the Ecumenical Temple.
  8974 | Temple   | Entered the Ecumenical Temple
  9032 | Temple   | Became a worshipper of Gozag Ym Sagoz the Greedy
  9113 | D:7      | Found a staircase to the Lair.
  9441 | D:8      | Noticed a two-headed ogre
  9468 | D:8      | Killed a two-headed ogre
 10147 | D:9      | Noticed a five-headed hydra
 10185 | D:9      | Found a runed translucent gate.
 10320 | D:9      | Found a runed translucent gate.
 10320 | D:9      | Identified the cursed +3 long sword "Amun" {slice, rC+}
 10320 | D:9      | Identified the +5 chain mail of Tenacity {+Blink rF- MR++
                  | Regen+}
 10321 | D:9      | Found a runed translucent gate.
 10325 | D:9      | Noticed Quickbrownfox's ghost (journeyman MiAc)
 10327 | D:9      | Found a roughly hewn altar of Beogh.
 10354 | D:9      | Noticed a white ugly thing
 10361 | D:9      | Noticed Psyche
 10366 | D:9      | Killed an eight-headed hydra
 10367 | D:9      | Gained mutation: You frequently emit foul miasma when
                  | damaged in melee. [demonic ancestry]
 10367 | D:9      | Reached XP level 11. HP: 33/87 MP: 11/11
 10378 | D:9      | Killed a white ugly thing
 10421 | D:9      | HP: 3/87 [killer bee (8)]
 10423 | D:9      | Slain by a killer bee

Skill      XL: |  1  2  3  4  5  6  7  8  9 10 |
---------------+-------------------------------+-----
Throwing       | 2 |  2.0
Long Blades    | 3 4 5 6 |  6.1
Dodging        | 3 4 5 7 8 |  8.4
Fighting       | 4 5 7 8 |  8.6
Armour         | 1 2 3 4 6 7 |  7.5
Unarmed Combat | 1 3 5 6 |  6.7

Action                   |  1- 3 |  4- 6 |  7- 9 | 10-12 || total
-------------------------+-------+-------+-------+-------++-------
Melee: Long sword        |    87 |   218 |   302 |       ||   607
       Unarmed           |       |       |   278 |   319 ||   597
       Punch             |       |       |     7 |     6 ||    13
Throw: Throwing net      |       |       |     1 |       ||     1
Evoke: Wand              |       |       |       |     5 ||     5
  Use: Scroll            |       |     3 |    14 |     2 ||    19
       Potion            |       |     2 |     4 |     3 ||     9
 Stab: Held in net/web   |       |       |     1 |       ||     1
       Distracted        |       |       |       |     1 ||     1
  Eat: Chunk             |     3 |     9 |    25 |     4 ||    41
       Ration            |       |     1 |     5 |     2 ||     8
Armor: Leather armour    |    25 |       |       |       ||    25
       Ring mail         |     2 |    63 |   201 |   101 ||   367
       Skin              |       |    15 |    22 |       ||    37
Dodge: Dodged            |    71 |   110 |   377 |   220 ||   778
Block: Other             |     1 |     6 |    16 |    47 ||    70
       Reflection        |       |       |       |     5 ||     5
